Cogmind - Beta 16 @@@ ROGUE MODE // 2025.11.20 @ 21:30:35 Player: Reflectatory Result: Destroyed by Hellfire Trap Performance ------------- Evolutions (7) 3500 Regions Visited (18) 3600 Robots Destroyed (97) 485 Value Destroyed (3934) 3934 Prototype IDs (33) 660 Alien Tech Used (0) 0 Bonus (5250) 5250 TOTAL SCORE: 17429 Bonus ------- Triggered High Security 500 High Alert Combat Kills 518 Follower Combat Kills 2299 Entered Garrisons 200 Registered with UFD 300 Met Optimus in HQ 500 Met Warlord at Base 500 MAIN.C Attacked Warlord 500 Warlord Defense Kills 232 Friendly Fire -299 Cogmind --------- Core Integrity 0/1300 Matter 265/300 Energy 98/100 System Corruption 13% Temperature Cool (0) Movement Core (50) Location -3/Research Parts ------- > --- POWER (2) -------- (None) > --- PROPULSION (3) --- (None) > --- UTILITY (12) ----- Advanced Signal Interpreter Improved Targeting Computer Improved Targeting Computer > --- WEAPON (4) ------- (None) > --- INVENTORY (5) ---- Antimatter Reactor Antimatter Reactor Peak State ------------ > --- POWER ------------ Neutrino Core Antimatter Reactor > --- PROPULSION ------- Wheel Compact Wheel Compact Wheel > --- UTILITY ---------- Experimental Heat Sink Energy Well Energy Well Advanced Signal Interpreter Advanced Particle Charger Improved Weapon Cycler Hardened Light Armor Plating Improved Heavy Armor Plating Improved Remote Force Field Dynamic Insulation System > --- WEAPON ----------- Quantum Rifle Vortex Cannon Vortex Cannon > --- INVENTORY -------- F-cell Engine Advanced Recoil Stabilizer Advanced Shield Generator Heavy Beamcaster Heavy Beamcaster [Rating: 101] Favorites ----------- Power F-cell Engine Engine F-cell Engine Power Core Neutrino Core Reactor Antimatter Reactor Propulsion Compact Wheel Wheel Compact Wheel Utility Energy Well Device Experimental Heat Sink Storage Energy Well Processor Advanced Signal Interpreter Hackware Advanced System Shield Protection Improved Heavy Armor Plating Weapon Heavy Beamcaster Energy Gun Heavy Beamcaster Energy Cannon Vortex Cannon Ballistic Gun Flak Gun Ballistic Cannon Flak Cannon Special Weapon Plasma Flamer Build | -11 -10 -9 -9 -9 -9 -6 -6 -6 -6 -5 -5 -5 -5 -4 -4 -4 -4 -3 ------- Run | Yrd Mat Mat Sto Rec Scr Fac Was Fac Gar Fac Upp Upp War Pro Fac Upp Upp Res Slots Evolved 14 | . . 2 . . . 6 . . . 2 . . . . 2 . . 2 Power 1 | . . . . . . 1 . . . . . . . . . . . . Propulsion 1 | . . . . . . . . . . 1 . . . . . . . . Utility 10 | . . 2 . . . 5 . . . 1 . . . . 1 . . 1 Weapon 2 | . . . . . . . . . . . . . . . 1 . . 1 Parts Attached 98 | 5 2 . 7 7 2 20 8 . 1 5 1 1 13 . 18 4 . 4 Power 17 | 1 . . 2 1 . 4 . . . 1 1 . 2 . 5 . . . Engine 7 | 1 . . 1 1 . 3 . . . . 1 . . . . . . . Core 3 | . . . 1 . . . . . . . . . 1 . 1 . . . Reactor 7 | . . . . . . 1 . . . 1 . . 1 . 4 . . . Propulsion 19 | 2 1 . . 4 . 5 . . . . . . 3 . 4 . . . Treads . | . . . . . . . . . . . . . . . . . . . Leg . | . . . . . . . . . . . . . . . . . . . Wheel 19 | 2 1 . . 4 . 5 . . . . . . 3 . 4 . . . Hover . | . . . . . . . . . . . . . . . . . . . Flight . | . . . . . . . . . . . . . . . . . . . Utility 39 | . 1 . 3 1 2 9 4 . . 4 . 1 4 . 7 3 . . Device 22 | . 1 . . . . 6 2 . . 3 . 1 4 . 4 1 . . Storage 3 | . . . . . . 1 . . . 1 . . . . 1 . . . Processor 7 | . . . 3 . 2 . . . . . . . . . 1 1 . . Hackware 2 | . . . . . . . 1 . . . . . . . . 1 . . Protection 5 | . . . . 1 . 2 1 . . . . . . . 1 . . . Artifact . | . . . . . . . . . . . . . . . . . . . Weapon 23 | 2 . . 2 1 . 2 4 . 1 . . . 4 . 2 1 . 4 Energy Gun 11 | 2 . . 1 1 . . 2 . 1 . . . 2 . 2 . . . Energy Cannon 3 | . . . . . . . . . . . . . 2 . . . . 1 Ballistic Gun 6 | . . . 1 . . 1 1 . . . . . . . . . . 3 Ballistic Cannon 2 | . . . . . . 1 1 . . . . . . . . . . . Launcher . | . . . . . . . . . . . . . . . . . . . Special Weapon 1 | . . . . . . . . . . . . . . . . 1 . . Impact Weapon . | . . . . . . . . . . . . . . . . . . . Slashing Weapon . | . . . . . . . . . . . . . . . . . . . Piercing Weapon . | . . . . . . . . . . . . . . . . . . . Special Melee Weapon . | . . . . . . . . . . . . . . . . . . . Unidentified Prototypes 4 | . . . . . . . 1 . . 1 . . 2 . . . . . Parts Lost 42 | . . . . 5 . . 4 . 1 1 . 1 . . 6 8 . 16 Power 3 | . . . . 1 . . . . . . . . . . . . . 2 Propulsion 10 | . . . . 2 . . . . 1 . . . . . 3 2 . 2 Utility 17 | . . . . 1 . . 2 . . 1 . 1 . . 3 2 . 7 Weapon 12 | . . . . 1 . . 2 . . . . . . . . 4 . 5 Highest Loss Streak 16 | . . . . 5 . . 3 . 1 1 . 1 . . 2 4 . 16 To Critical Strikes . | . . . . . . . . . . . . . . . . . . . Average Backups 4 | 1 3 4 4 4 5 4 4 5 4 4 5 5 5 5 4 3 3 2 Power . | . . . . 1 1 . . . . . . . . . 1 2 2 2 Propulsion . | 1 2 3 3 2 2 1 1 1 . . . . . . . 1 1 . Utility 1 | . . . . . . . 1 2 2 2 3 3 2 2 1 . . . Weapon 1 | . 1 1 1 1 2 1 1 2 2 2 2 2 2 3 1 . . . Tool/Special . | . . . . . . . . . . . . . . . . . . . Unused Backups 12 | . . . 2 . . 2 2 . . 1 . . 1 . 2 . . 2 Power 2 | . . . . . . . . . . . . . . . . . . 2 Propulsion 4 | . . . 2 . . 1 1 . . . . . . . . . . . Utility 4 | . . . . . . . . . . 1 . . 1 . 2 . . . Weapon 2 | . . . . . . 1 1 . . . . . . . . . . . Tool/Special . | . . . . . . . . . . . . . . . . . . . Average Slot Usage (%) 90 | . 81 66 70 95 100 96 90 93 93 87 88 87 88 94 95 79 78 59 Engine 6 | . 14 11 8 9 11 9 6 6 6 5 5 11 10 5 . . . . Reactor 3 | . . . . . . 2 6 6 6 5 4 . . 5 8 10 10 7 Wheel 14 | . 28 22 22 21 22 13 12 13 13 11 11 11 11 17 14 9 5 3 Device 23 | . 10 11 11 11 11 25 24 26 26 23 29 28 29 29 29 23 26 17 Storage 7 | . . . . . . 4 6 6 6 10 11 11 11 11 10 10 10 7 Processor 9 | . . . 4 22 22 13 8 6 6 5 5 5 5 5 5 10 15 14 Hackware 1 | . . . . . . . 2 6 6 4 . . . . . . 5 3 Protection 6 | . . . . 6 11 12 9 6 6 5 5 5 5 5 7 3 . . Energy Gun 10 | . 28 22 15 20 22 4 4 13 13 11 11 11 6 . 11 6 . . Energy Cannon 1 | . . . . . . . . . . . . . 4 11 3 1 5 3 Peak Build Rating 101 | 5 6 6 13 13 24 63 74 73 75 85 85 83 90 90 101 91 82 82 Average Rating 64 | 3 5 6 8 11 17 51 63 73 74 81 84 82 83 90 97 79 82 68 On Entrance 54 | . 5 6 6 13 12 24 63 73 73 75 85 83 82 90 90 91 82 82 Avg Prop Armor Cover (%) . | . . . . . . . . . . . . . . . . . . . Naked Turns . | . . . . . . . . . . . . . . . . . . . Heaviest Build 117 | 7 8 8 12 17 17 60 67 63 64 71 72 73 104 104 117 71 64 64 Greatest Support 42 | 26 26 26 26 32 32 32 20 20 26 26 26 26 42 42 42 32 12 12 Greatest Overweight (x) 13 | . . . . 1 . 2 5 3 3 2 2 2 3 2 4 5 5 13 Average Overweight (x) 1 | . . . . . . 1 2 3 2 2 2 2 2 2 1 2 5 3 Largest Inventory Capacity 5 | 5 5 5 5 5 5 5 5 5 5 5 5 5 5 5 5 5 5 5 Average Capacity 5 | 5 5 5 5 5 5 5 5 5 5 5 5 5 5 5 5 5 5 5 Most Carried 5 | 3 4 4 5 5 5 5 5 5 5 5 5 5 5 5 5 4 3 3 Average Carried 4 | 2 3 4 4 4 5 4 4 5 4 4 5 5 4 5 4 3 3 2 Final Capacity 5 | 5 5 5 5 5 5 5 5 5 5 5 5 5 5 5 5 5 5 5 Final Carried 5 | 3 4 4 5 5 5 5 5 5 4 5 5 5 5 5 4 3 3 2 Class Distribution -------------------- 47% | Mutant 20% | Commander-Mutant 11% | Scavenger-Mutant 6% | Commander-Skirmisher 4% | Scavenger-Tank 4% | Scavenger-Gunner Dominant Class ---------------- Mutant | -10/Materials Mutant | -9/Materials Mutant | -9/Storage Commander-Mutant | -9/Recycling Commander-Mutant | -9/Scraptown Commander-Skirmisher | -6/Factory Mutant | -6/Waste Mutant | -6/Factory Mutant | -6/Garrison Mutant | -5/Factory Mutant | -5/Upper Caves Mutant | -5/Upper Caves Commander-Mutant | -5/Warlord Scavenger-Mutant | -4/Proximity Caves Scavenger-Tank | -4/Factory Mutant | -4/Upper Caves Mutant | -4/Upper Caves Mutant | -3/Research Resources | -11 -10 -9 -9 -9 -9 -6 -6 -6 -6 -5 -5 -5 -5 -4 -4 -4 -4 -3 ----------- Run | Yrd Mat Mat Sto Rec Scr Fac Was Fac Gar Fac Upp Upp War Pro Fac Upp Upp Res Matter Collected 1755 | 205 65 . 50 113 10 240 514 1 28 50 10 10 133 7 268 51 . . Remotely 793 | . . . . . . 240 514 1 28 10 . . . . . . . . Salvage Created 4155 | . 111 . 303 654 . 185 318 60 378 436 122 97 84 156 811 338 . 102 Parts 177 | . 14 . 20 29 . 5 . 3 20 7 1 4 2 5 46 14 . 7 Haulers Intercepted . | . . . . . . . . . . . . . . . . . . . Recyclers Shooed 4 | . 1 . . 3 . . . . . . . . . . . . . . Parts Field Recycled . | . . . . . . . . . . . . . . . . . . . Retrieved Matter . | . . . . . . . . . . . . . . . . . . . Parts Self-Destructed 26 | . . . . . . . . . . . 1 3 . 6 . 14 2 . Prevented . | . . . . . . . . . . . . . . . . . . . Parts Restored . | . . . . . . . . . . . . . . . . . . . Kills | -11 -10 -9 -9 -9 -9 -6 -6 -6 -6 -5 -5 -5 -5 -4 -4 -4 -4 -3 ------- Run | Yrd Mat Mat Sto Rec Scr Fac Was Fac Gar Fac Upp Upp War Pro Fac Upp Upp Res Combat Hostiles Destroyed 82 | . 5 . 5 4 . 4 2 2 8 8 2 1 2 4 20 12 . 3 Guns 58 | . 5 . 5 4 . 1 . 2 7 6 1 . . . 18 8 . 1 Cannons 16 | . . . . . . 3 2 . . . . . 2 4 1 2 . 2 AOE 1 | . . . . . . . . . . . . . . . 1 . . . Classes Destroyed 17 | . 2 . 2 1 . 2 1 . 2 1 . 1 2 . 3 . . . Worker 2 | . . . . . . . . . . . . . . . 2 . . . Builder 1 | . . . . . . . . . . . . . . . 1 . . . Recycler 10 | . 1 . 1 7 . . . . . . . . . . 1 . . . Watcher 1 | . . . . . . 1 . . . . . . . . . . . . Swarmer 37 | . 5 . . . . . . 1 4 . . . . 2 13 9 . 3 Cutter 2 | . . . . . . . . . 2 . . . . . . . . . Saboteur 1 | . . . . . . . . . . 1 . . . . . . . . Grunt 13 | . . . 4 1 . . . . . 4 2 . . 1 . 1 . . Brawler 2 | . . . . . . . . . 1 1 . . . . . . . . Duelist 1 | . . . . . . . . . . . . . 1 . . . . . Protector 1 | . . . . 1 . . . . . . . . . . . . . . Sentry 11 | . . . 1 2 . 2 . 1 1 2 . . . 1 1 . . . Hunter 5 | . . . . . . 2 . . . . . . 1 . 2 . . . Programmer 5 | . . . . . . . . . . . . . . . 3 2 . . Behemoth 2 | . . . . . . . . . . . . 1 . . 1 . . . Compactor 2 | . . . . . . . 2 . . . . . . . . . . . Surgeon 1 | . . . . . . . . . . . . . 1 . . . . . Best Kill Streak 6 | . 6 . 3 4 . 1 1 2 2 3 1 1 2 2 6 5 . 3 Combat Bots Only 6 | . 5 . 2 1 . 1 1 2 2 3 1 1 2 2 6 5 . 3 Max Kills in Single Turn 2 | . 1 . 1 1 . 1 1 1 2 1 1 1 1 1 2 2 . 1 Gunslinging 1 | . . . . . . . . . 1 . . . . . 1 1 . . Exploded 1 | . . . . . . . . . . . . . . . 1 . . . Melee . | . . . . . . . . . . . . . . . . . . . Uniques/NPCs Destroyed . | . . . . . . . . . . . . . . . . . . . Combat | -11 -10 -9 -9 -9 -9 -6 -6 -6 -6 -5 -5 -5 -5 -4 -4 -4 -4 -3 -------- Run | Yrd Mat Mat Sto Rec Scr Fac Was Fac Gar Fac Upp Upp War Pro Fac Upp Upp Res Hostile Shots Fired 624 | . 14 . 18 23 . 50 5 9 107 37 28 9 . 10 116 63 . 135 Missed 173 | . 1 . 3 1 . 14 . 1 37 11 9 3 . 3 29 24 . 37 Hits 451 | . 13 . 15 22 . 36 5 8 70 26 19 6 . 7 87 39 . 98 Melee 11 | . . . . . . . 5 . 3 3 . . . . . . . . Projectile 440 | . 13 . 15 22 . 36 . 8 67 23 19 6 . 7 87 39 . 98 AOE 2 | . . . . . . . . . 2 . . . . . . . . . Critical Strikes 15 | . . . . 1 . . 3 . 1 1 1 . . . 2 1 . 5 Damage Taken 6701 | . 105 . 187 335 . 291 307 56 526 370 185 89 39 67 1241 558 . 2345 Core 1886 | . 48 . 26 42 . 41 40 . 20 13 28 . . . 242 62 . 1324 Absorbed by Shields 2022 | . . . . . . 80 178 58 284 389 192 92 13 63 578 95 . . Regen/Repaired (Parts) 676 | . . . . . . . 63 15 84 250 161 77 26 . . . . . Core Remaining (%) 86 | 100 80 . . . 83 . . . 88 . . . . 95 . . 73 . Volleys Fired 314 | . 11 . 12 29 . 16 39 4 30 34 12 4 7 11 70 26 . 9 Largest 3 | . 2 . 2 2 . 2 2 2 2 2 2 2 2 2 3 3 . 2 Hottest 275 | . 80 . 80 121 . 121 92 162 175 175 175 175 100 100 256 275 . 113 Shots Fired 605 | . 22 . 24 58 . 32 55 8 60 68 21 8 8 13 154 65 . 9 Gun 490 | . 22 . 24 58 . 20 4 8 60 68 21 8 . . 140 52 . 5 Cannon 105 | . . . . . . 12 51 . . . . . 8 13 14 3 . 4 Launcher . | . . . . . . . . . . . . . . . . . . . Special 10 | . . . . . . . . . . . . . . . . 10 . . Kinetic 90 | . . . 10 6 . 14 55 . . . . . . . . . . 5 Thermal 477 | . 22 . 14 52 . 18 . 8 60 68 21 8 . . 140 62 . 4 Explosive . | . . . . . . . . . . . . . . . . . . . Electromagnetic . | . . . . . . . . . . . . . . . . . . . Entropic 38 | . . . . . . . . . . . . . 8 13 14 3 . . Robot Hit Streak 13 | . 4 . 12 8 . 10 11 2 12 8 6 13 1 6 13 7 . 5 Robot Miss Streak 6 | . 3 . 1 3 . 6 4 3 3 4 2 1 4 5 5 4 . 2 Penetration Max . | . . . . . . . . . . . . . . . . . . . Secondary Targets 9 | . . . . . . . . 1 3 . . . . . 2 3 . . Max Gunslinging Chain 2 | . . . . . . . . 1 1 . . . . . 1 2 . . Shots Hit Robots 400 | . 11 . 20 39 . 27 53 3 41 44 15 7 2 6 89 37 . 6 Core Hits 188 | . 7 . 12 18 . 16 40 2 15 18 2 . 2 2 35 15 . 4 Critical Kills . | . . . . . . . . . . . . . . . . . . . Critical Parts Destroyed . | . . . . . . . . . . . . . . . . . . . Critical Strikes 25 | . . . . 2 . 2 1 . 3 3 3 1 . 2 5 3 . . Burn 20 | . . . . 2 . 2 . . 3 3 3 1 . . 3 3 . . Blast 1 | . . . . . . . 1 . . . . . . . . . . . Sunder 4 | . . . . . . . . . . . . . . 2 2 . . . Melee Attacks . | . . . . . . . . . . . . . . . . . . . Impact . | . . . . . . . . . . . . . . . . . . . Slashing . | . . . . . . . . . . . . . . . . . . . Piercing . | . . . . . . . . . . . . . . . . . . . Sneak Attacks . | . . . . . . . . . . . . . . . . . . . Combat Hostiles . | . . . . . . . . . . . . . . . . . . . Follow-up Attacks . | . . . . . . . . . . . . . . . . . . . Damage Inflicted 12092 | . 122 . 248 589 . 379 1676 70 1137 1272 383 224 297 469 3965 1005 . 256 Guns 7988 | . 122 . 248 589 . 222 96 70 1137 1272 383 224 . . 2777 721 . 127 Cannons 3851 | . . . . . . 157 1580 . . . . . 297 469 1006 213 . 129 Explosions 182 | . . . . . . . . . . . . . . . 182 . . . Melee . | . . . . . . . . . . . . . . . . . . . Ramming . | . . . . . . . . . . . . . . . . . . . Kinetic 2184 | . . . 106 97 . 178 1676 . . . . . . . . . . 127 Thermal 7923 | . 122 . 142 492 . 201 . 70 1137 1272 383 224 . . 2959 792 . 129 Explosive . | . . . . . . . . . . . . . . . . . . . Electromagnetic . | . . . . . . . . . . . . . . . . . . . Impact . | . . . . . . . . . . . . . . . . . . . Slashing . | . . . . . . . . . . . . . . . . . . . Piercing . | . . . . . . . . . . . . . . . . . . . Entropic 1985 | . . . . . . . . . . . . . 297 469 1006 213 . . Highest Corruption 13 | . . . . . . . . . 4 . . . . . 4 6 6 13 Average Corruption 4 | . . . . . . . . . 3 . . . . . 3 4 6 9 Corruption Purged . | . . . . . . . . . . . . . . . . . . . Corruption Blocked . | . . . . . . . . . . . . . . . . . . . Effects 43 | . . . . . . . . . 9 . . . . . 15 12 4 3 Message Errors 11 | . . . . . . . . . . . . . . . 6 4 . 1 Matter Fused 7 | . . . . . . . . . 1 . . . . . 4 1 1 . Heat Flow Errors 5 | . . . . . . . . . 1 . . . . . 2 1 1 . Energy Discharges 6 | . . . . . . . . . 3 . . . . . 1 2 . . Data Loss (minor) 9 | . . . . . . . . . 4 . . . . . . 3 1 1 Data Loss (major) 2 | . . . . . . . . . . . . . . . 1 . 1 . Misfires 1 | . . . . . . . . . . . . . . . 1 . . . Alerts 1 | . . . . . . . . . . . . . . . . 1 . . Weapon Failures 1 | . . . . . . . . . . . . . . . . . . 1 Overload Shots . | . . . . . . . . . . . . . . . . . . . Overflow Damage 267 | . . . . . . . . . . . . . 56 104 90 7 . 10 Projectiles 226 | . . . . . . . . . . . . . 56 104 49 7 . 10 Explosions 41 | . . . . . . . . . . . . . . . 41 . . . Melee . | . . . . . . . . . . . . . . . . . . . Knockbacks 10 | . . . . . . 10 . . . . . . . . . . . . Impact . | . . . . . . . . . . . . . . . . . . . Kinetic 10 | . . . . . . 10 . . . . . . . . . . . . Secondary . | . . . . . . . . . . . . . . . . . . . Self-Inflicted Damage . | . . . . . . . . . . . . . . . . . . . Shots . | . . . . . . . . . . . . . . . . . . . Rammed . | . . . . . . . . . . . . . . . . . . . Targets Rammed . | . . . . . . . . . . . . . . . . . . . Kicked . | . . . . . . . . . . . . . . . . . . . Crushed . | . . . . . . . . . . . . . . . . . . . Highest Temperature 638 | . 108 . 30 216 . 195 252 18 149 448 638 294 14 26 580 408 . 155 Average Temperature 118 | . 42 . 15 77 . 65 126 10 43 109 345 151 8 12 210 134 . 89 Received Heat Transfer 492 | . . . 90 63 . 44 . . 99 55 89 12 20 . 20 . . . Effects 23 | . . . . . . . . . . . 9 . . . 14 . . . Shutdowns 5 | . . . . . . . . . . . 1 . . . 4 . . . Energy Bleed 1 | . . . . . . . . . . . . . . . 1 . . . Interference 4 | . . . . . . . . . . . 4 . . . . . . . Matter Decay 2 | . . . . . . . . . . . . . . . 2 . . . Short Circuit 1 | . . . . . . . . . . . 1 . . . . . . . Damage (minor) 2 | . . . . . . . . . . . 1 . . . 1 . . . Damage (major) 7 | . . . . . . . . . . . 2 . . . 5 . . . Damage (core) 1 | . . . . . . . . . . . . . . . 1 . . . Siege Activations . | . . . . . . . . . . . . . . . . . . . Martial Activations . | . . . . . . . . . . . . . . . . . . . Shielding Activations . | . . . . . . . . . . . . . . . . . . . Robots Disrupted . | . . . . . . . . . . . . . . . . . . . Combat Hostiles . | . . . . . . . . . . . . . . . . . . . Robots Corrupted . | . . . . . . . . . . . . . . . . . . . Combat Hostiles . | . . . . . . . . . . . . . . . . . . . Parts Fried . | . . . . . . . . . . . . . . . . . . . Impact Corruptions . | . . . . . . . . . . . . . . . . . . . Robots Melted 7 | . . . . . . . . . 1 2 1 1 . . . 2 . . Combat Hostiles 7 | . . . . . . . . . 1 2 1 1 . . . 2 . . Parts Melted 22 | . . . . . . . . . 4 5 4 2 . . 2 5 . . Heat Transferred 12786 | . 275 . 325 1399 . 666 . 111 1617 1961 777 370 . . 3393 1781 . 111 Parts Sabotaged . | . . . . . . . . . . . . . . . . . . . Parts Stolen . | . . . . . . . . . . . . . . . . . . . Parts Stripped . | . . . . . . . . . . . . . . . . . . . Power Chain Reactions . | . . . . . . . . . . . . . . . . . . . Alert | -11 -10 -9 -9 -9 -9 -6 -6 -6 -6 -5 -5 -5 -5 -4 -4 -4 -4 -3 ------- Run | Yrd Mat Mat Sto Rec Scr Fac Was Fac Gar Fac Upp Upp War Pro Fac Upp Upp Res Maximum Alert Level 5 | . . . . . . . . 1 5 5 . . . . 2 . . . Low Security (%) 73 | 100 100 100 100 100 . 100 100 71 . . . . . . 88 . . 100 Level 1 2 | . . . . . . . . 28 7 . . . . . . . . . Level 2 3 | . . . . . . . . . 11 . . . . . 11 . . . Level 3 4 | . . . . . . . . . 16 28 . . . . . . . . Level 4 8 | . . . . . . . . . 28 48 . . . . . . . . Level 5 5 | . . . . . . . . . 36 . . . . . . . . . High Security 1 | . . . . . . . . . . 22 . . . . . . . . Max Security . | . . . . . . . . . . . . . . . . . . . Peak Influence 2017 | . 155 46 140 85 . 56 17 356 2017 1824 . . . . 451 . . 111 Initial 1058 | . . 46 18 46 . . 3 . 242 1058 . . . . . . . 111 Average 333 | . 94 46 76 33 . 12 1 110 1275 1345 . . . . 89 . . 43 Influence Increases 6145 | . 210 . 170 343 . 226 33 426 1945 1066 81 35 174 208 883 270 . 75 Destroy 0b10 Robot/C 2880 | . 100 . 100 160 . 80 . 140 820 420 60 20 120 160 400 240 . 60 Destroy 0b10 Robot/NC 115 | . 5 . 5 65 . 10 . . 5 5 . . . . 20 . . . Destroy Leader 384 | . 20 . 20 . . 32 . 40 60 72 10 10 . 10 80 30 . . Allied During Kill 1647 | . . . . 68 . 55 . 180 866 384 11 5 54 23 1 . . . Successful Hack 129 | . 20 . . 33 . 34 . 12 . . . . . . 30 . . . Select Force Hacks 50 | . 50 . . . . . . . . . . . . . . . . . Disable Machine 150 | . . . . . . . . 30 15 15 . . . . 75 . . 15 Anti-Garrison Action 200 | . . . . . . . . . 50 . . . . . 150 . . . Destroy Structure 455 | . . . . 17 . 15 33 24 114 140 . . . . 112 . . . Lose Combat Pursuer 135 | . 15 . 45 . . . . . 15 30 . . . 15 15 . . . Influence Decreases 6145 | . 100 64 96 451 12 216 43 80 274 1259 1116 494 400 312 456 429 102 241 Entered New Map 2774 | . . 64 28 74 12 . 7 . 104 959 676 150 330 104 . 159 52 55 Time Decay 2628 | . 100 . 68 331 . 191 26 40 . 170 440 334 30 188 344 190 50 126 Lost Part 264 | . . . . 30 . . 10 . 10 10 . 10 . . 54 80 . 60 Lost Ally 479 | . . . . 16 . 25 . 40 160 120 . . 40 20 58 . . . Squads Dispatched 20 | . 3 . 2 . . 1 . 1 . 7 . . . . 5 . . 1 Investigation 4 | . 3 . . . . . . . . 1 . . . . . . . . Extermination 5 | . . . . . . 1 . 1 . . . . . . 2 . . 1 Reinforcement . | . . . . . . . . . . . . . . . . . . . Assault 11 | . . . 2 . . . . . . 6 . . . . 3 . . . Garrison . | . . . . . . . . . . . . . . . . . . . Intercept . | . . . . . . . . . . . . . . . . . . . Searches Triggered . | . . . . . . . . . . . . . . . . . . . Construction Impeded . | . . . . . . . . . . . . . . . . . . . Haulers Reinforced . | . . . . . . . . . . . . . . . . . . . Active Scanning Responses . | . . . . . . . . . . . . . . . . . . . Cargo Convoy Interrupts . | . . . . . . . . . . . . . . . . . . . Stealth | -11 -10 -9 -9 -9 -9 -6 -6 -6 -6 -5 -5 -5 -5 -4 -4 -4 -4 -3 --------- Run | Yrd Mat Mat Sto Rec Scr Fac Was Fac Gar Fac Upp Upp War Pro Fac Upp Upp Res Distress Signals 4 | . . . . . . . . . . . . . 1 . 3 . . . Communications Jammed . | . . . . . . . . . . . . . . . . . . . Distress Signals . | . . . . . . . . . . . . . . . . . . . Times Spotted 170 | . 7 . 7 10 . 5 6 7 25 27 3 1 12 8 28 12 . 12 Peak Tracking Total 10 | . 4 . 4 4 . 2 3 4 6 10 3 1 6 5 6 5 . 5 Tactical Retreats 6 | . 1 . 1 . . . . . 1 1 . . . 1 1 . . . Traps | -11 -10 -9 -9 -9 -9 -6 -6 -6 -6 -5 -5 -5 -5 -4 -4 -4 -4 -3 ------- Run | Yrd Mat Mat Sto Rec Scr Fac Was Fac Gar Fac Upp Upp War Pro Fac Upp Upp Res Traps Triggered 9 | . 1 . . . . 1 . 1 4 1 . . . . . . . 1 Indirectly . | . . . . . . . . . . . . . . . . . . . Trap Hack Attempts . | . . . . . . . . . . . . . . . . . . . Triggered . | . . . . . . . . . . . . . . . . . . . Disarmed . | . . . . . . . . . . . . . . . . . . . Reprogrammed . | . . . . . . . . . . . . . . . . . . . Reused . | . . . . . . . . . . . . . . . . . . . Traps Extracted . | . . . . . . . . . . . . . . . . . . . Installed . | . . . . . . . . . . . . . . . . . . . Triggered . | . . . . . . . . . . . . . . . . . . . Machines | -11 -10 -9 -9 -9 -9 -6 -6 -6 -6 -5 -5 -5 -5 -4 -4 -4 -4 -3 ---------- Run | Yrd Mat Mat Sto Rec Scr Fac Was Fac Gar Fac Upp Upp War Pro Fac Upp Upp Res Machines Disabled 12 | . . . . . . . . 2 2 1 . . . . 6 . . 1 Max in Single Turn 2 | . . . . . . . . . 1 . . . . . 2 . . 1 Garrison Access 1 | . . . . . . . . . . . . . . . 1 . . . Garrison Relay 1 | . . . . . . . . . 1 . . . . . . . . . Machines Repaired . | . . . . . . . . . . . . . . . . . . . Machines Dismantled . | . . . . . . . . . . . . . . . . . . . Machines Sabotaged 1 | . 1 . . . . . . . . . . . . . . . . . Overloaded Fab Kills . | . . . . . . . . . . . . . . . . . . . Hacking | -11 -10 -9 -9 -9 -9 -6 -6 -6 -6 -5 -5 -5 -5 -4 -4 -4 -4 -3 --------- Run | Yrd Mat Mat Sto Rec Scr Fac Was Fac Gar Fac Upp Upp War Pro Fac Upp Upp Res Machines Accessed 42 | . 4 . . 4 4 7 . 2 1 4 . 1 9 . 5 . . 1 Terminals 21 | . 4 . . 4 . 5 . . 1 3 . 1 . . 2 . . 1 Fabricators 2 | . . . . . . . . . . . . . . . 2 . . . Repair Stations . | . . . . . . . . . . . . . . . . . . . Recycling Units 2 | . . . . . . 2 . . . . . . . . . . . . Scanalyzers 2 | . . . . . . . . 1 . . . . . . 1 . . . Garrison Access 2 | . . . . . . . . 1 . 1 . . . . . . . . Total Hacks 86 | . 9 . . 10 9 15 . 6 1 7 . 1 13 . 10 . . 5 Successful 53 | . 7 . . 3 9 6 . 3 1 2 . 1 13 . 6 . . 2 Failed 33 | . 2 . . 7 . 9 . 3 . 5 . . . . 4 . . 3 Catastrophic 8 | . . . . 1 . 4 . . . 2 . . . . . . . 1 Database Lockouts . | . . . . . . . . . . . . . . . . . . . Manual 6 | . 2 . 1 . . 2 . . . 1 . . . . . . . . Terminals 50 | . 9 . . 10 . 13 . . 1 5 . 1 . . 6 . . 5 Fabricators 2 | . . . . . . . . . . . . . . . 2 . . . Repair Stations . | . . . . . . . . . . . . . . . . . . . Recycling Units 2 | . . . . . . 2 . . . . . . . . . . . . Scanalyzers 6 | . . . . . . . . 4 . . . . . . 2 . . . Garrison Access 4 | . . . . . . . . 2 . 2 . . . . . . . . Terminal Hacks 45 | . 5 . . 3 9 6 . . 1 2 . 1 13 . 3 . . 2 Record 20 | . . . . . 4 2 . . . . . 1 12 . 1 . . . Part Schematic 2 | . . . . . . 1 . . . 1 . . . . . . . . Robot Analysis 5 | . . . . . 4 . . . . . . . . . 1 . . . Prototype ID Bank 5 | . 1 . . 2 . 1 . . . . . . . . 1 . . . Open Door 1 | . . . . . . . . . . . . . 1 . . . . . Open DSF 1 | . . . . . . 1 . . . . . . . . . . . . Branch Access Points 1 | . 1 . . . . . . . . . . . . . . . . . Emergency Access Points 2 | . 1 . . . . . . . 1 . . . . . . . . . Locate Traps 2 | . 1 . . . . . . . . . . . . . . . . 1 Dispatch Records 2 | . 1 . . 1 . . . . . . . . . . . . . . Maintenance Status 1 | . . . . . . 1 . . . . . . . . . . . . Patrol Status 1 | . . . . . . . . . . . . . . . . . . 1 Transport Status 1 | . . . . . . . . . . 1 . . . . . . . . Proto ID Catalog 1 | . . . . . 1 . . . . . . . . . . . . . Fabricator Hacks 2 | . . . . . . . . . . . . . . . 2 . . . Network Status 1 | . . . . . . . . . . . . . . . 1 . . . Build 1 | . . . . . . . . . . . . . . . 1 . . . Repair Station Hacks . | . . . . . . . . . . . . . . . . . . . Recycling Unit Hacks . | . . . . . . . . . . . . . . . . . . . Scanalyzer 3 | . . . . . . . . 2 . . . . . . 1 . . . Retrieve Study 3 | . . . . . . . . 2 . . . . . . 1 . . . Garrison Access Hacks 1 | . . . . . . . . 1 . . . . . . . . . . Unlock Access 1 | . . . . . . . . 1 . . . . . . . . . . Unauthorized Hacks 2 | . 2 . . . . . . . . . . . . . . . . . Terminals 2 | . 2 . . . . . . . . . . . . . . . . . Sabotage 1 | . 1 . . . . . . . . . . . . . . . . . Search 1 | . 1 . . . . . . . . . . . . . . . . . Fabricators . | . . . . . . . . . . . . . . . . . . . Repair Stations . | . . . . . . . . . . . . . . . . . . . Recycling Units . | . . . . . . . . . . . . . . . . . . . Scanalyzers . | . . . . . . . . . . . . . . . . . . . Garrison Access . | . . . . . . . . . . . . . . . . . . . Data Cores Recovered . | . . . . . . . . . . . . . . . . . . . Used . | . . . . . . . . . . . . . . . . . . . Hacking Detections 20 | . 2 . 1 4 . 6 . 1 . 3 . . . . 2 . . 1 Full Trace Events 1 | . . . . . . . . . . 1 . . . . . . . . Feedback Events . | . . . . . . . . . . . . . . . . . . . Feedback Blocked 1 | . . . . . . . . . . 1 . . . . . . . . Robot Schematics Acquired . | . . . . . . . . . . . . . . . . . . . Robots Built 4 | . . . . . . . . . . . . . . . 4 . . . Authchips . | . . . . . . . . . . . . . . . . . . . Time 40 | . . . . . . . . . . . . . . . 40 . . . Total Robot Build Rating 4 | . . . . . . . . . . . . . . . 4 . . . Part Schematics Acquired 2 | . . . . . . 1 . . . 1 . . . . . . . . Parts Built . | . . . . . . . . . . . . . . . . . . . Authchips . | . . . . . . . . . . . . . . . . . . . Time . | . . . . . . . . . . . . . . . . . . . Total Part Build Rating . | . . . . . . . . . . . . . . . . . . . Part Studies Acquired 3 | . . . . . . . . 2 . . . . . . 1 . . . Parts Repaired . | . . . . . . . . . . . . . . . . . . . Time . | . . . . . . . . . . . . . . . . . . . Parts Recycled . | . . . . . . . . . . . . . . . . . . . Recycled Matter . | . . . . . . . . . . . . . . . . . . . Retrieved Matter . | . . . . . . . . . . . . . . . . . . . Retrieved Components . | . . . . . . . . . . . . . . . . . . . Parts Scanalyzed . | . . . . . . . . . . . . . . . . . . . Part Schematics Acquired . | . . . . . . . . . . . . . . . . . . . Parts Damaged . | . . . . . . . . . . . . . . . . . . . Bothacking | -11 -10 -9 -9 -9 -9 -6 -6 -6 -6 -5 -5 -5 -5 -4 -4 -4 -4 -3 ------------ Run | Yrd Mat Mat Sto Rec Scr Fac Was Fac Gar Fac Upp Upp War Pro Fac Upp Upp Res Used RIF Installer . | . . . . . . . . . . . . . . . . . . . Robots Hacked . | . . . . . . . . . . . . . . . . . . . Non-combat . | . . . . . . . . . . . . . . . . . . . Combat . | . . . . . . . . . . . . . . . . . . . Robot Hacks Applied . | . . . . . . . . . . . . . . . . . . . Relay Couplers Released 4 | . . . . . . . . . 4 . . . . . . . . . Machine Destruction 4 | . . . . . . . . . 4 . . . . . . . . . Fabnet Peak Effective % . | . . . . . . . . . . . . . . . . . . . Robots Rewired 23 | . . . . 18 . . . . . . . . 5 . . . . . Allies Hacked . | . . . . . . . . . . . . . . . . . . . Hacks Repelled . | . . . . . . . . . . . . . . . . . . . Allies | -11 -10 -9 -9 -9 -9 -6 -6 -6 -6 -5 -5 -5 -5 -4 -4 -4 -4 -3 -------- Run | Yrd Mat Mat Sto Rec Scr Fac Was Fac Gar Fac Upp Upp War Pro Fac Upp Upp Res Total Allies 48 | . . . 2 18 . . 19 . . . . . 5 . 4 . . . Largest Group 19 | . . . 2 19 18 18 19 19 17 9 3 3 8 4 5 . . . Highest-Rated Group 702 | . . . 62 267 252 252 702 702 652 376 99 99 362 175 103 . . . Highest-Rated Ally 68 | . . . 31 34 34 34 50 50 50 50 46 46 68 64 64 . . . Total Orders . | . . . . . . . . . . . . . . . . . . . Ally Attacks 420 | . . . . 23 . 22 53 47 153 75 17 2 15 10 3 . . . Total Damage 13927 | . . . . 759 . 228 2562 1061 4506 3270 309 81 780 250 121 . . . Kills 80 | . . . . 9 . 2 8 5 33 14 1 . 4 4 . . . . Allies Corrupted 1 | . . . . . . . . . . 1 . . . . . . . . Allies Melted . | . . . . . . . . . . . . . . . . . . . Intel | -11 -10 -9 -9 -9 -9 -6 -6 -6 -6 -5 -5 -5 -5 -4 -4 -4 -4 -3 ------- Run | Yrd Mat Mat Sto Rec Scr Fac Was Fac Gar Fac Upp Upp War Pro Fac Upp Upp Res Active Infowar (turns) 6354 | . 171 19 156 840 1035 778 583 199 777 459 1007 330 . . . . . . Sensors 4053 | . . . . . . 698 583 199 777 459 1007 330 . . . . . . Terrain 84 | . . . . . . 84 . . . . . . . . . . . . Structural 3235 | . 171 19 156 840 1035 778 236 . . . . . . . . . . . Robot Analysis Total 5 | . . . . . 4 . . . . . . . . . 1 . . . Derelict Logs Recovered 5 | . . . . . . . . . . . 2 1 . . . . 2 . Drone Launches . | . . . . . . . . . . . . . . . . . . . Drone Recoveries . | . . . . . . . . . . . . . . . . . . . Exploration | -11 -10 -9 -9 -9 -9 -6 -6 -6 -6 -5 -5 -5 -5 -4 -4 -4 -4 -3 ------------- Run | Yrd Mat Mat Sto Rec Scr Fac Was Fac Gar Fac Upp Upp War Pro Fac Upp Upp Res Turns Passed 10359 | 47 205 19 156 840 1035 778 583 199 777 459 1090 744 990 587 1029 393 103 325 Spaces Moved 7751 | 44 186 22 107 547 1000 611 281 119 489 300 891 660 707 503 718 273 67 226 Core 71 | 6 . . . 2 . . . . . . . . . . . . . 63 Treads . | . . . . . . . . . . . . . . . . . . . Legs . | . . . . . . . . . . . . . . . . . . . Wheels 7680 | 38 186 22 107 545 1000 611 281 119 489 300 891 660 707 503 718 273 67 163 Hover . | . . . . . . . . . . . . . . . . . . . Flight . | . . . . . . . . . . . . . . . . . . . Fastest Speed 50 | 50 90 90 90 90 100 90 110 115 110 110 110 110 110 113 98 103 155 50 Average Speed 109 | 84 90 90 90 99 100 106 119 123 113 110 110 110 114 113 109 116 155 133 Slowest Speed 700 | 100 90 90 90 100 100 120 155 125 115 110 110 110 125 113 140 155 155 700 Overloaded Moves . | . . . . . . . . . . . . . . . . . . . Propulsion Burnouts . | . . . . . . . . . . . . . . . . . . . Robots Hopped . | . . . . . . . . . . . . . . . . . . . Potential Cave-ins . | . . . . . . . . . . . . . . . . . . . Cave-ins Triggered . | . . . . . . . . . . . . . . . . . . . Exploration Rate (%) 42 | 3 42 4 27 91 60 16 95 5 63 9 86 68 79 67 21 46 12 7 Regions Visited 18 Branch Regions 9 Pre-discovered Areas 1 | . . . . . . . . . . . . 1 . . . . . . Known Exits Taken 10 | . . . . . 1 . . 1 . 1 1 1 1 1 1 1 1 . Unknown Exits Taken 5 | 1 1 1 1 1 . . . . . . . . . . . . . . Scrap Searched 12 | . . . . . 2 . . . . . 2 3 . 1 . 4 . . Spaces Dug 3 | . . . . . . . . . . . . . . . 3 . . . Terrain Destroyed 87 | . . . . . . . 1 . . 8 1 . 4 7 61 5 . . Melee . | . . . . . . . . . . . . . . . . . . . Projectile 64 | . . . . . . . 1 . . 8 1 . 4 7 38 5 . . AOE 23 | . . . . . . . . . . . . . . . 23 . . . Terrain Rammed . | . . . . . . . . . . . . . . . . . . . Walls Destroyed . | . . . . . . . . . . . . . . . . . . . Machines Disabled . | . . . . . . . . . . . . . . . . . . . Actions | -11 -10 -9 -9 -9 -9 -6 -6 -6 -6 -5 -5 -5 -5 -4 -4 -4 -4 -3 --------- Run | Yrd Mat Mat Sto Rec Scr Fac Was Fac Gar Fac Upp Upp War Pro Fac Upp Upp Res Total 9144 | 51 200 21 143 787 1034 709 471 163 651 370 984 672 884 513 877 307 66 241 Wait 633 | . 2 . 10 39 33 40 135 33 101 20 81 7 80 . 48 4 . . Move 7731 | 43 185 21 106 546 999 611 280 118 485 299 890 659 706 502 717 272 66 226 Hop . | . . . . . . . . . . . . . . . . . . . Pick Up 30 | 3 . . 3 3 . 4 5 . . 2 . . 2 . 8 . . . Fast Attach 45 | 5 1 . 3 3 . 7 7 . . 3 . 1 2 . 5 4 . 4 Attach 13 | . . . . 2 . . 2 . 1 . . . . . 6 1 . 1 Detach . | . . . . . . . . . . . . . . . . . . . Swap 53 | . 1 . 4 2 2 16 1 . 1 2 1 . 12 . 11 . . . Drop 50 | . . . 5 3 . 15 2 . 1 2 . . 9 . 12 . . 1 Fire 314 | . 11 . 12 29 . 16 39 4 30 34 12 4 7 11 70 26 . 9 Melee . | . . . . . . . . . . . . . . . . . . . Ram . | . . . . . . . . . . . . . . . . . . . Kick . | . . . . . . . . . . . . . . . . . . . Crush . | . . . . . . . . . . . . . . . . . . . Escape Stasis 46 | . . . . . . . . 8 30 8 . . . . . . . . Rewire 229 | . . . . 160 . . . . 2 . . 1 66 . . . . . Trap . | . . . . . . . . . . . . . . . . . . . Miscellaneous . | . . . . . . . . . . . . . . . . . . . Route ------- -11/Scrapyard -10/Materials (discovered 3 exits: [*Mat] / *Min x2) -9/Materials -9/Storage -9/Recycling (discovered 2 exits: [*Fac] / *Scr) -9/Scraptown -6/Factory (discovered 2 exits: *Fac x2) -6/Waste -6/Factory -6/Garrison (discovered 3 exits: *Fac x3) -5/Factory -5/Upper Caves -5/Upper Caves (discovered 2 exits: *Fac / *War) -5/Warlord -4/Proximity Caves -4/Factory -4/Upper Caves -4/Upper Caves -3/Research (discovered 1 exit: Res) History --------- Turn | Location | Event 15 | -11/Scrapyard | Discovered new exit (range 16) 48 | -11/Scrapyard | Entered Materials 164 | -10/Materials | Discovered new exit (range 9) 230 | -10/Materials | Discovered new exit (range 13) 240 | -10/Materials | Identified exit to Mines 253 | -10/Materials | Entered another Materials area 253 | -9/Materials | Evolved 2 slots: Utility x2 253 | -9/Materials | Discovered new exit (range 15) 272 | -9/Materials | Entered Storage 317 | -9/Storage | Build established: Mutant 397 | -9/Storage | Met a pair of Derelict thieves 418 | -9/Storage | Used back door to open Recycling access 418 | -9/Storage | Discovered new exit (range 5) 428 | -9/Storage | Entered Recycling 428 | -9/Recycling | Accompanied by 2 allies 429 | -9/Recycling | Met a Zionite searching for Scraptown 524 | -9/Recycling | Lost 5 parts (1p2n1u1w) 652 | -9/Recycling | Discovered new exit (range 5) 788 | -9/Recycling | Build established: Scavenger-Mutant 1151 | -9/Recycling | Build established: Commander-Mutant 1204 | -9/Recycling | Scanned before Scraplab entrance 1214 | -9/Recycling | Discovered new exit (range 13) 1218 | -9/Recycling | Entered Scraplab 1268 | -9/Recycling | Entered Scraptown 1268 | -9/Scraptown | Accompanied by 18 allies 1369 | -9/Scraptown | Visited UFD Registry 1369 | -9/Scraptown | Registered with UFD as "Fissionkit" 1393 | -9/Scraptown | Visited IN-MT5's Study 1414 | -9/Scraptown | Visited Shadow of the Wyrm 1431 | -9/Scraptown | Visited Spacefarers 1514 | -9/Scraptown | Visited Red Mages 1618 | -9/Scraptown | Visited Fellowship of the Rings 1652 | -9/Scraptown | Visited Cave Peace 1708 | -9/Scraptown | Visited Junk Repository 1736 | -9/Scraptown | Visited Scrapoid Pod Storage 1750 | -9/Scraptown | Visited Curators Association 1775 | -9/Scraptown | Visited DA-N13 Charitable Foundation 1786 | -9/Scraptown | Found DCF Scrap (27 items) 1803 | -9/Scraptown | Visited Analyses Database 1824 | -9/Scraptown | Visited Abandonware Association 1838 | -9/Scraptown | Learned abandonware demo "KABOOM.EXE" 1876 | -9/Scraptown | Visited A0-MCA Data Center 1882 | -9/Scraptown | Given a B+ rating by A0-MCA 1887 | -9/Scraptown | Found A0-MCA's Component Scanner 1911 | -9/Scraptown | Visited Science Guys 1947 | -9/Scraptown | Visited Cartography Club 2205 | -9/Scraptown | Met Optimus 2205 | -9/Scraptown | Accepted into 0bPrime 2263 | -9/Scraptown | Discovered new exit (range 5) 2267 | -9/Scraptown | Identified exit to Factory 2303 | -9/Scraptown | Entered Factory 2303 | -6/Factory | Accompanied by 18 allies 2303 | -6/Factory | Evolved 6 slots: Power x1, Utility x5 2304 | -6/Factory | Discovered new exit (range 12) 2327 | -6/Factory | Identified exit to Factory 2641 | -6/Factory | Lost 5 allies 3007 | -6/Factory | Build established: Commander-Skirmisher 3034 | -6/Factory | Discovered exit to Factory (range 10) 3081 | -6/Factory | Sucked down chute 3081 | -6/Factory | Entered Waste 3206 | -6/Waste | 1 allies followed down the chute 3221 | -6/Waste | 5 allies followed down the chute 3222 | -6/Waste | Spotted C-40 Crusher 3238 | -6/Waste | Crushed by Compactor (1 part destroyed, 2 dropped) 3239 | -6/Waste | Destroyed C-40 Crusher 3269 | -6/Waste | Lost 4 allies 3281 | -6/Waste | Spotted C-40 Crusher 3285 | -6/Waste | Spotted C-40 Crusher 3294 | -6/Waste | Allies destroyed C-40 Crusher 3294 | -6/Waste | Spotted C-40 Crusher 3305 | -6/Waste | Destroyed C-40 Crusher 3312 | -6/Waste | Spotted C-40 Crusher 3317 | -6/Waste | Crushed by Compactor (1 part destroyed, 1 dropped) 3320 | -6/Waste | Crushed by Compactor (1 part destroyed, 1 dropped) 3328 | -6/Waste | Allies destroyed C-40 Crusher 3339 | -6/Waste | Allies destroyed C-40 Crusher 3344 | -6/Waste | Spotted C-40 Crusher 3351 | -6/Waste | Lost 3 parts (2u1w) 3369 | -6/Waste | Crushed by Compactor (0 parts destroyed, 1 dropped) 3385 | -6/Waste | Crushed by Compactor (0 parts destroyed, 1 dropped) 3443 | -6/Waste | Warlord forces began an assault 3447 | -6/Waste | Allies destroyed C-40 Crusher 3606 | -6/Waste | Build established: Mutant 3614 | -6/Waste | Discovered new exit (range 12) 3650 | -6/Waste | Identified exit to Factory 3664 | -6/Waste | Entered Factory 3664 | -6/Factory | Accompanied by 19 allies 3816 | -6/Factory | Identified exit to Garrison 3863 | -6/Factory | Entered Garrison 3863 | -6/Garrison | Accompanied by 17 allies 3875 | -6/Garrison | Triggered checkpoint 3905 | -6/Garrison | Garrison Relay disabled 3919 | -6/Garrison | Triggered checkpoint 4001 | -6/Garrison | Triggered checkpoint 4001 | -6/Garrison | Triggered checkpoint 4009 | -6/Garrison | Triggered checkpoint 4097 | -6/Garrison | Triggered checkpoint 4137 | -6/Garrison | Triggered checkpoint 4180 | -6/Garrison | Discovered exit to Factory (range 15) 4222 | -6/Garrison | Attempted to access garrison exit controls, blocked by remote lockdown 4331 | -6/Garrison | Discovered exit to Factory (range 15) 4452 | -6/Garrison | Lost 3 allies 4519 | -6/Garrison | Attempted to access garrison exit controls, blocked by remote lockdown 4585 | -6/Garrison | Triggered checkpoint 4614 | -6/Garrison | Discovered exit to Factory (range 13) 4640 | -6/Garrison | Entered Factory 4640 | -5/Factory | Accompanied by 9 allies 4640 | -5/Factory | Evolved 2 slots: Propulsion x1, Utility x1 4940 | -5/Factory | First assault squad dispatched 4943 | -5/Factory | Discovered new exit (range 7) 4948 | -5/Factory | Identified exit to Upper Caves 4994 | -5/Factory | High security lockdown imminent 5062 | -5/Factory | Lost 6 allies 5074 | -5/Factory | High security lockdown engaged 5099 | -5/Factory | Entered Upper Caves 5099 | -5/Upper Caves | Accompanied by 3 allies 5102 | -5/Upper Caves | Learned Factory garrison access intel 5157 | -5/Upper Caves | Encountered a Warlord checkpoint 5769 | -5/Upper Caves | Discovered new exit (range 7) 5774 | -5/Upper Caves | Identified exit to Upper Caves 5843 | -5/Upper Caves | Learned 12 Factory zone layouts 6189 | -5/Upper Caves | Entered another Upper Caves area 6189 | -5/Upper Caves | Accompanied by 3 allies 6426 | -5/Upper Caves | Discovered new exit (range 8) 6433 | -5/Upper Caves | Identified exit to Factory 6516 | -5/Upper Caves | Spotted B-75 Beast 6524 | -5/Upper Caves | Destroyed B-75 Beast 6610 | -5/Upper Caves | Learned location of Armory (-3) 6864 | -5/Upper Caves | Discovered new exit (range 10) 6872 | -5/Upper Caves | Identified exit to Warlord 6933 | -5/Upper Caves | Entered Warlord 6933 | -5/Warlord | Accompanied by 3 allies 7288 | -5/Warlord | Rebuked by Warlord 7313 | -5/Warlord | Warlord's base attacked by MAIN.C 7411 | -5/Warlord | Build established: Commander-Mutant 7510 | -5/Warlord | Found Prototype Energy Gun 7510 | -5/Warlord | Identified Vortex Rail 7513 | -5/Warlord | Found Vortex Rail 7522 | -5/Warlord | Found Prototype Energy Cannon 7522 | -5/Warlord | Identified Vortex Cannon 7525 | -5/Warlord | Found Vortex Cannon 7663 | -5/Warlord | Warlord forces counterattacked 7767 | -5/Warlord | Spotted Executioner 7772 | -5/Warlord | Spotted Executioner 7826 | -5/Warlord | Spotted Executioner 7839 | -5/Warlord | Allies destroyed Executioner 7847 | -5/Warlord | Discovered new exit (range 12) 7858 | -5/Warlord | Identified exit to Proximity Caves 7914 | -5/Warlord | Lost 14 allies 7923 | -5/Warlord | Entered Proximity Caves 7923 | -4/Proximity Caves | Accompanied by 4 allies 8004 | -4/Proximity Caves | Attracted the attention of an 0b10 checkpoint 8051 | -4/Proximity Caves | Build established: Scavenger-Mutant 8326 | -4/Proximity Caves | Discovered exit to Factory (range 10) 8510 | -4/Proximity Caves | Entered Factory 8510 | -4/Factory | Accompanied by 2 allies 8510 | -4/Factory | Evolved 2 slots: Utility x1, Weapon x1 8512 | -4/Factory | Loaded intel: 4 garrison access locations 8601 | -4/Factory | Spotted B-86 Titan 8684 | -4/Factory | Fabricated K-01 Serf? 8731 | -4/Factory | Lost 4 allies 8749 | -4/Factory | Destroyed B-86 Titan 8835 | -4/Factory | Build established: Scavenger-Tank 9303 | -4/Factory | Discovered new exit (range 11) 9314 | -4/Factory | Identified exit to Upper Caves 9331 | -4/Factory | Build established: Scavenger-Gunner 9510 | -4/Factory | First assault squad dispatched 9539 | -4/Factory | Entered Upper Caves 9673 | -4/Upper Caves | Lost 3 parts (1u2w) 9867 | -4/Upper Caves | Lost 4 parts (1n1u2w) 9877 | -4/Upper Caves | Discovered new exit (range 12) 9898 | -4/Upper Caves | Identified exit to Upper Caves 9924 | -4/Upper Caves | Build established: Mutant 9932 | -4/Upper Caves | Entered another Upper Caves area 9937 | -4/Upper Caves | Identified exit to Research 9950 | -4/Upper Caves | Learned 12 Research zone layouts 10035 | -4/Upper Caves | Entered Research 10035 | -3/Research | Evolved 2 slots: Utility x1, Weapon x1 10036 | -3/Research | Identified exit to Research 10317 | -3/Research | Core integrity fell below 50% 10330 | -3/Research | System corruption reached 10% 10334 | -3/Research | Core integrity fell below 20% 10360 | -3/Research | Destroyed by Hellfire Trap Last Messages --------------- K-01 Serf collects debris. Hvy. Machine Gun destroyed. Acquired Hvy. Machine Gun. K-01 Serf collects debris. Acquired Hvy. Machine Gun. M-13 Machinist repairs S-43 Plague. K-01 Serf collects debris. System corrupted: Hvy. Machine Gun jammed. P-80 Master resets S-43 Plague, system corruption cleaned. Hvy. Machine Gun destroyed. K-01 Serf collects debris. Hvy. Machine Gun destroyed. Dropped Energy Well. S-43 Plague destroyed. K-01 Serf collects debris. System corrupted: Component data lost. Triggered Hellfire Trap. An explosion rips through the floor. [Achievement: I Think I Know What's Going On] Map ----- +----------------------------------------------------+ | ????? ???????????????????? | | ?????### ???????????????????? | | ????? # ???????????????????? | | ????? # """ """ ???????????????????? | | ????? # """T""" ####???????????????????? | | ?????????????????????????????????????????????????? | | ?????????????????????????????????????????????????? | | ?????????????????????????????????????????????????? | | ?????????????????????????????????????????????????? | | ?????????????????????????????????????????????????? | | ??????????????????????? ???????????????????????? | | ?????????????????????#p p ???????????????????????? | | ?????????????????????# ???????????????????????? | | ?????????????????????# ???????????????????????? | | ?????????????????????# ???????????????????????? | | ?????????????????????# ???????????????????????? | | ?????????????????????# ???????????????????????? | | ?????????????????????# #??????????????????????? | | ?????????????????????# #??????????????????????? | | ?????????????????????# #??????????????????????? | | ?????????????????????# #??????????????????????? | | ?????????????????????+ #??????????????????????? | | ?????????????????????# t#??????????????????????? | | ?????????????????????# #??????????????????????? | | ?????????????????????# #??????????????????????? | | ?????????????????????# ^ @#??????????????????????? | | ?????????????????????# ##########?????????????? | | ?????????????????????# # #?????????????? | | ?????????????????????# + #?????????????? | | ????????????#######??# # """ #?????????????? | | ????????????# ??# # """ ??????????????? | | ????????????# !?# #? """ ??????????????? | | ????????????#"" ?# #? ???????????????? | | ????????????#"" # #?? ???????????????? | | ????????????#G ! # #?? ??????????????? | | ????????????#"" + #??? ??????????????? | | ????????????#"" !! # #???######?????????????? | | ????????????# !! # #??????????????????????? | | ????????????# ?# #??????????????????????? | | ????????############?# #??????????????????????? | | ????????# # #??????????????????????? | | ????????# # #??????????????????????? | | ????????# + #??????????????????????? | | ????????# # #??????????????????????? | | ????????# # #??????????????????????? | | ????????############## #??????????????????????? | | ???????? #??????????????????????? | | ???????? #??????????????????????? | | ???????????#### #??????????????????????? | | ??????????????# #??????????????????????? | +----------------------------------------------------+ Best States ------------- Heat Dissipation 98 Energy Generation 37 Energy Capacity 1425 Matter Stores 300 Matter Capacity 300 Sight Range 16 Robot Scan Range 16 Terrain Scan Range 16 Terrain Scan Density 10 Base Temperature (-) 200 EM Shielding 2 Armor Coverage 825 Resistance: EX 50 Point Defense Rating 80 Weapon Cycling 20 Evasion (%) 50 Targeting Accuracy 15 Recoil Reduction 6 Particle Charging 25 Defensive Hacking 14 Item Schematics ----------------- Nuclear Pulse Thruster | -6/Factory | Hacked Quantum Rifle | -5/Factory | Hacked Robot Schematics ------------------ None Fabricated ------------ K-01 Serf | x4 | -4/Factory | Preloaded Repaired ---------- Nothing Studied --------- Wheel | -6/Factory | Hacked Com. Wheel | -6/Factory | Hacked Arm. Wheel | -4/Factory | Hacked Alien Tech Used ----------------- None Achievements -------------- I Think I Know What's Going On More Dakka Please Oh No You Don't! Wiki Contributor Challenges ------------ None Game ------ Seed BombFocalChronowheel Manual? 0 Play Time 01:35:29 Cumulative 57.4 hours Start 2025.11.20 @ 19:50:02 End 2025.11.20 @ 21:30:35 Sessions 1 Manual Loads 0 Difficulty Rogue Special Mode None Game No. 72 Rogue 72 Adventurer 0 Explorer 0 Win Type - Total 1 Types 1/0/0/0/0/0/0/0/0/0 Lore% 52 Gallery% 44 Achievement% 35 Wizard Run 0 Options --------- Layout 1 ASCII 0 Keyboard 0 Movement Numpad Keybinds 0 Fullscreen 1 Font 32/SmallcapsGlow Map View 50x35 Zoom Use 0% Tactical HUD 0 Map Filters NONE Filters NONE Steam 1 RUN: 1f9e8faa-57e5-4762-a697-ac6d93732d49